 Dungeon Crawl Stone Soup version 0.31.0-32-g396128a36d (webtiles) character file.

Game seed: 18254547652026716926

149254 Gogs the Warrior (level 17, -6/171 HPs)
             Began as a Hill Orc Fighter on Mar 12, 2024.
             Was the Champion of Makhleb.
             Mangled by a ghost moth (15 damage)
             ... while paralysed
             ... on level 3 of the Spider Nest on Mar 14, 2024.
             The game lasted 02:42:58 (26890 turns).

Gogs the Warrior (Hill Orc Fighter)                Turns: 26890, Time: 02:42:58

Health: -6/171     AC: 29    Str: 26 (29) XL:     17   Next: 51%
Magic:  0/30       EV:  2    Int: 10 (14) God:    Makhleb [******]
Gold:   1794       SH:  0    Dex:  0 (9)  Spells: 16/16 levels left

rFire   . . .        a - +2 broad axe (freeze)
rCold   . . .        z - +0 kite shield
rNeg    . . .        T - +1 plate armour
rPois   +            N - +1 helmet
rElec   .            M - +1 cloak
rCorr   +            r - +1 pair of gloves
SInv    .            n - +2 pair of boots {Stlth+}
Will    +++..        f - amulet "Jamimiqa" {Reflect rCorr Str+2 Int+3 Dex+2 SH+5} Stlth
                     s - ring "Kasyru" {rPois Will+ Int+3 Dex-3}
HPRegen 0.48/turn    H - ring of willpower
MPRegen 0.22/turn

%: reflection
@: paralysed, slowed, lost dexterity
A: no striking features
a: Renounce Religion, Minor Destruction, Lesser Servant of Makhleb, Major
Destruction, Greater Servant of Makhleb


You were on level 3 of the Spider Nest.
You worshipped Makhleb.
Makhleb was exalted by your worship.
You visited 6 branches of the dungeon, and saw 28 of its levels.
You also visited: Ossuary.

You collected 3011 gold pieces.
You spent 1217 gold pieces at shops.

Inventory:

Hand Weapons
 a - a +2 broad axe of freezing (weapon)
 b - a +0 sling
 w - a +0 morningstar
Missiles
 q - 7 curare-tipped darts
 t - 5 atropa-tipped darts
 y - 20 poisoned darts
 V - 6 silver javelins
 Y - 8 javelins
Armour
 n - a +2 pair of boots of stealth (worn)
 r - a +1 pair of gloves (worn)
 z - a +0 kite shield (worn)
 M - a +1 cloak (worn)
 N - a +1 helmet (worn)
 T - a +1 plate armour (worn)
Jewellery
 f - the amulet "Jamimiqa" (around neck) {Reflect rCorr Str+2 Int+3 Dex+2 SH+5}
   (You acquired it on level 3 of the Dungeon)

   [amulet of reflection]

   Reflect:   It reflects blocked missile attacks.
   Str+2:     It affects your strength (+2).
   Int+3:     It affects your intelligence (+3).
   Dex+2:     It affects your dexterity (+2).
   rCorr:     It protects you from acid and corrosion.
   SH+5:      It affects your SH (+5).
 s - the ring "Kasyru" (left hand) {rPois Will+ Int+3 Dex-3}
   (You bought it in a shop on level 12 of the Dungeon)

   [ring of willpower]

   Int+3:     It affects your intelligence (+3).
   Dex-3:     It affects your dexterity (-3).
   rPois:     It protects you from poison Will+: It increases your willpower.
 H - a ring of willpower (right hand)
Wands
 d - a wand of polymorph (17)
 h - a wand of digging (20)
 x - a wand of charming (17)
 G - a wand of mindburst (16)
 I - a wand of flame (37)
 R - a wand of quicksilver (11)
 S - a wand of iceblast (8)
Scrolls
 g - 2 scrolls of fear
 i - 3 scrolls of immolation
 j - a scroll of summoning
 l - 3 scrolls of blinking
 p - 5 scrolls of teleportation
 v - 6 scrolls of poison
 Q - 3 scrolls of fog
Potions
 c - a potion of heal wounds
 e - 5 potions of attraction
 k - 4 potions of brilliance
 m - 6 potions of lignification
 o - 3 potions of enlightenment
 A - 5 potions of haste
 B - 6 potions of mutation
 C - 5 potions of invisibility
 F - 13 potions of curing
 K - a potion of cancellation
 P - 2 potions of resistance
 W - 9 potions of ambrosia
 X - 2 potions of berserk rage


   Skills:
 - Level 20.5 Fighting
 - Level 18.0 Axes
 + Level 15.2 Armour
 - Level 3.0 Dodging
 - Level 12.0 Shields
 - Level 18.0 Invocations


You had 16 spell levels left.
You didn't know any spells.
Your spell library contained the following spells:

 Spells                   Type           Power      Damage    Failure   Level
 Apportation              Tloc           0%         N/A       99%         1
 Freeze                   Ice            0%         1d3       99%         1
 Magic Dart               Conj           0%         1d3       99%         1
 Necrotise                Necr           0%         1d4       99%         1
 Sting                    Conj/Alch      0%         1d3       99%         1
 Summon Small Mammal      Summ           0%         N/A       99%         1
 Call Imp                 Summ           0%         N/A       99%         2
 Mercury Vapours          Alch/Air       0%         N/A       99%         2
 Searing Ray              Conj           0%         2d4       99%         2
 Static Discharge         Conj/Air       0%         3-3/arc   99%         2
 Sublimation of Blood     Necr           0%         N/A       99%         2
 Call Canine Familiar     Summ           0%         N/A       100%        3
 Frozen Ramparts          Ice            0%         1d1       100%        3
 Hailstorm                Conj/Ice       0%         3d5       100%        3
 Mephitic Cloud           Conj/Alch/Air  0%         N/A       100%        3
 Stone Arrow              Conj/Erth      0%         3d7       100%        3
 Airstrike                Air            0%         2d(0-16)  100%        4
 Animate Armour           Summ/Erth      0%         N/A       100%        4
 Fulminant Prism          Conj/Alch      0%         3d5       100%        4
 Summon Blazeheart Golem  Fire/Summ      0%         N/A       100%        4
 Summon Lightning Spire   Summ/Air       0%         N/A       100%        4
 Freezing Cloud           Conj/Ice/Air   0%         6-21      100%        5
 Lee's Rapid Deconstruct  Erth           0%         3d4*      100%        5
 Summon Hydra             Summ           0%         N/A       100%        7
 Lehudib's Crystal Spear  Conj/Erth      0%         10d2      100%        8


Dungeon Overview and Level Annotations

Branches:
Dungeon (15/15)            Temple (1/1) D:6            Lair (5/5) D:8
  Swamp (2/4) Lair:2       Spider (3/4) Lair:3        Slime (0/5) Lair:5
    Orc (2/2) D:9             Elf (0/3) Orc:2        Vaults (0/5) D:13
 Depths (0/4) D:15        Ossuary (visited)

Altars:
Ashenzari
Cheibriados
Dithmenos
Elyvilon
Fedhas
Gozag
Hepliaklqana
Kikubaaqudgha
Makhleb
Nemelex Xobeh
Okawaru
Qazlal
Sif Muna
Trog
Uskayaw
Vehumet
Wu Jian
Xom
Yredelemnul
Zin
The Shining One
Beogh
Jiyva

Shops:
D:4 :!(   D:7 [   D:9 (   D:11 *   D:12 *   Orc:2 (:*(

Annotations:
Swamp:2 Mlioglotl


Message History

You block something's attack. Something hits you but does no damage.
Something stings you but does no damage.
You closely miss something. Something hits you!
* * * LOW HITPOINT WARNING * * *
You feel dopey. Something hits you but does no damage.
You block something's attack.
You feel better.
Something hits you but does no damage. x2
You block something's attack.
You slash something! You freeze something. You block something's attack.
Something hits you but does no damage. Something completely misses you.
You slash something! You freeze something.
You feel you are being watched by something.
You feel your power leaking away. Something hits you but does no damage.
Something hits you!
* * * LOW HITPOINT WARNING * * *
Something stings you but does no damage.
You miss something. You miss something.
You feel you are being watched by something.
Something hits you.
* * * LOW HITPOINT WARNING * * *
You feel clumsy.
You have lost your dexterity.
Something hits you but does no damage.
Something stings you but does no damage.
You feel you are being watched by something.
You feel your power leaking away.
Something hits you but does no damage. x2
Something stings you but does no damage.
Something hits you!
* * * LOW HITPOINT WARNING * * *
Something hits you!
* * * LOW HITPOINT WARNING * * *
Something stings you but does no damage.
You feel you are being watched by something.
Something hits you but does no damage. Something hits you.
* * * LOW HITPOINT WARNING * * *
Something stings you but does no damage.
You feel you are being watched by something.
Something hits you!
You die...

........#.....# ##.##.
##...........# #.^.#.
#......<....# #...^.
#...........# ##....
####.......### ##
#..... #.......^#.##
##>##.....
#....:......#
#...#....<
##.^##..{...#
#^..#..... ####....@..#
##........# #.......#
#..........
#####...#####.........
##.....##^.#......... .
#^.^...#...#......##.
..##.^...#.†.#.......##
...##...^...†........#.
....##.....^...†.†.....
.....##....†.....†.....


There were no monsters in sight!

Vanquished Creatures
  Rupert (D:13)
  Jorgrun (D:13)
  An emperor scorpion (Spider:2)
  3 ghost moths
  2 broodmothers
  The ghost of contendunt the Nimble, a journeyman MiFi of Okawaru (Orc:1)
  2 eleionomae
  4 bunyips
  A shambling mangrove (Swamp:1)
  Snorg (Lair:5)
  2 entropy weavers
  10 hydras
  A vault guard (D:13)
  A rakshasa (D:14)
  An alligator (Swamp:1)
  Erica (Orc:1)
  4 ogre magi (Orc:2)
  4 centaur warriors
  4 radroaches
  18 two-headed ogres
  3 boulder beetles
  2 catoblepae
  3 death yaks
  3 tengu warriors
  Urug (Orc:2)
  3 demonic crawlers
  Sonja (D:10)
  The ghost of VoidStrider the Zephyrmancer, a novice TeAE of Vehumet (D:10)
  A pharaoh ant (Spider:1)
  3 skysharks
  A spriggan druid (Swamp:1)
  2 goliath frogs
  10 orb spiders
  A deep troll (D:15)
  4 sun moths
  A swamp dragon (Swamp:1)
  2 steelbarb worms (Spider:2)
  2 orc knights
  A necromancer (D:15)
  A lindwurm (Lair:5)
  Pikel (D:8)
  3 deep elf pyromancers
  11 wolf spiders
  An orc sorcerer (Orc:2)
  A moth of wrath (Spider:3)
  3 cyclopes
  9 ugly things
  Maurice (Orc:1)
  2 will-o-the-wisps (Swamp:1)
  9 elephants
  2 manticores
  8 meliai
  A slime creature (D:12)
  3 torpor snails
  7 black mambas
  A gargoyle (D:12)
  A cane toad (shapeshifter) (D:13)
  4 rime drakes
  20 cane toads
  An efreet (D:13)
  An unseen horror (D:13)
  11 komodo dragons
  4 kobold demonologists
  A rime drake (shapeshifter) (D:15)
  4 trolls
  2 polar bears
  A queen bee (Lair:2)
  17 tarantellas
  2 tyrant leeches
  25 blink frogs
  4 hornets
  17 dream sheep
  A slime creature (shapeshifter) (D:15)
  23 jumping spiders
  8 culicivoras
  3 spriggans (Swamp:1)
  A ynoxinul (D:10)
  3 vampires
  2 wraiths
  3 wyverns
  38 yaks
  5 basilisks
  Grum (D:11)
  4 wargs
  2 fire bats (Lair:2)
  10 vampire mosquitoes
  A fire elemental (Lair:4)
  3 steam dragons
  34 redbacks
  Menkaure (D:6)
  6 swamp worms
  3 acid dragons
  13 water moccasins
  18 orc warriors
  2 sky beasts (D:8)
  2 ice beasts
  A laughing skull (D:13)
  3 black bears
  An ogre (shapeshifter) (D:15)
  22 wolves
  23 ogres
  3 centaurs
  3 lemures (D:8)
  A phantom (D:4)
  A weeping skull (Ossuary)
  3 kobold brigands
  2 necrophages (D:4)
  An elf zombie (D:4)
  14 bullfrogs
  A scorpion (D:5)
  An elf skeleton (D:4)
  A gnoll sergeant (D:8)
  A water moccasin skeleton (D:4)
  3 wights (D:8)
  A burial acolyte (Ossuary)
  46 killer bees
  2 vampire bats (Orc:2)
  3 howler monkeys (D:8)
  2 electric eels
  A bombardier beetle (D:5)
  2 centaur zombies
  2 gnoll boudas
  A hound (D:4)
  A human zombie (D:4)
  3 jellies
  8 orc priests
  A human skeleton (D:4)
  11 iguanas
  11 orc wizards
  3 sleepcaps
  A scorpion zombie (D:4)
  4 hell rats (Lair:3)
  2 hound zombies (D:4)
  4 mummies (Ossuary)
  15 gnolls
  7 adders
  3 shadow imps
  2 white imps
  2 ufetubi (D:7)
  2 adder skeletons (D:4)
  5 dart slugs
  A ribbon worm (D:5)
  63 orcs
  13 bats
  6 endoplasms
  2 giant cockroaches
  A gnoll zombie (Ossuary)
  5 goblins
  5 hobgoblins
  2 quokkas (D:1)
  5 ball pythons
  7 frilled lizards
  19 kobolds
  2 kobold zombies (Ossuary)
  2 orc skeletons (D:4)
  5 orc zombies
  6 rats
848 creatures vanquished.

Vanquished Creatures (collateral kills)
  A bog body (Lair:2)
  A meliai (D:14)
  A fire bat (Lair:2)
3 creatures vanquished.

Vanquished Creatures (others)
  A ghost moth (Spider:2)
  An eleionoma (Swamp:2)
  A dart slug zombie (D:5)
  4 foxfires (Swamp:1)
7 creatures vanquished.

Grand Total: 858 creatures vanquished

Notes
Turn   | Place    | Note
-------+----------+-------------------------------------------
     0 | D:1      | Gogs the Hill Orc Fighter began the quest for the Orb.
     0 | D:1      | Reached XP level 1. HP: 19/19 MP: 1/1
    60 | D:1      | Reached XP level 2. HP: 26/27 MP: 2/2
   351 | D:1      | Reached skill level 4 in Fighting
   454 | D:1      | Reached XP level 3. HP: 29/33 MP: 3/3
   964 | D:2      | Found a faded altar of an unknown god.
  1141 | D:2      | Reached XP level 4. HP: 39/40 MP: 4/4
  1616 | D:3      | Identified a scroll of acquirement
  1616 | D:3      | Acquired the amulet "Jamimiqa" {Reflect rCorr Str+2 Int+3
                  | Dex+2 SH+5}
  2489 | D:4      | Reached XP level 5. HP: 45/47 MP: 5/5
  2494 | D:4      | Found a sand-covered staircase.
  2518 | Ossuary  | Entered an ossuary
  2552 | Ossuary  | Reached skill level 5 in Fighting
  2552 | Ossuary  | Reached XP level 6. HP: 56/56 MP: 6/6
  2586 | Ossuary  | Reached skill level 5 in Axes
  2599 | Ossuary  | Reached skill level 5 in Armour
  2599 | Ossuary  | Reached skill level 5 in Shields
  2856 | D:4      | Reached XP level 7. HP: 61/61 MP: 7/7
  3108 | D:4      | Found Vioss's Weapon Shop.
  3110 | D:4      | Found Roceb's Book Shop.
  3172 | D:4      | Found Ucafejew's Distillery.
  3332 | D:4      | Found Yruvolep's Distillery.
  3340 | D:4      | Bought a potion of heal wounds for 60 gold pieces
  3340 | D:4      | Bought a potion of attraction for 36 gold pieces
  3340 | D:4      | Bought a potion of heal wounds for 60 gold pieces
  3340 | D:4      | Bought 2 potions of curing for 72 gold pieces
  3393 | D:4      | Found a shimmering altar of Xom.
  3474 | D:4      | Found an ancient bone altar of Kikubaaqudgha.
  3499 | D:4      | Reached XP level 8. HP: 65/68 MP: 8/8
  3574 | D:4      | Reached skill level 10 in Axes
  3616 | D:5      | Entered Level 5 of the Dungeon
  4176 | D:5      | Reached skill level 6 in Fighting
  4282 | D:5      | Identified the +6 short sword of Callousness {protect,
                  | *Rage Str+2 SInv}
  4410 | D:6      | Found a staircase to the Ecumenical Temple.
  4443 | D:6      | Reached XP level 9. HP: 77/78 MP: 9/9
  4451 | Temple   | Entered the Ecumenical Temple
  4488 | Temple   | Became a worshipper of Makhleb the Destroyer
  4600 | D:6      | Reached skill level 1 in Invocations
  4626 | D:6      | Found a broken altar of Ashenzari.
  4802 | D:6      | Reached * piety under Makhleb
  4909 | D:6      | Noticed Menkaure
  4914 | D:6      | Killed Menkaure
  5440 | D:7      | Found Qoitor's Antique Armour Shop.
  5443 | D:7      | Bought a cloak for 117 gold pieces
  5443 | D:7      | Bought a helmet for 117 gold pieces
  5474 | D:7      | Found a stormy altar of Qazlal.
  5787 | D:8      | Reached skill level 5 in Invocations
  5850 | D:8      | Noticed Pikel
  5886 | D:8      | Identified the +8 ring mail "Ewagrarel" {rC- rN++ Regen+
                  | rCorr}
  5945 | D:8      | Reached XP level 10. HP: 84/84 MP: 13/13
  6009 | D:8      | Reached skill level 15 in Axes
  6038 | D:8      | Killed Pikel
  6149 | D:8      | Reached ** piety under Makhleb
  6151 | D:8      | Found a staircase to the Lair.
  6157 | D:8      | Reached skill level 7 in Fighting
  6190 | D:8      | Found a hide-covered altar of Uskayaw.
  6598 | D:9      | Found a staircase to the Orcish Mines.
  6599 | D:9      | Found Untir's Weapon Emporium.
  6618 | D:9      | Reached skill level 8 in Fighting
  6666 | D:9      | Noticed a two-headed ogre
  6674 | D:9      | Killed a two-headed ogre
  6927 | D:9      | Reached *** piety under Makhleb
  7024 | D:9      | Reached XP level 11. HP: 95/95 MP: 14/14
  7141 | D:9      | Reached skill level 9 in Fighting
  7183 | D:9      | Found a snail-covered altar of Cheibriados.
  7505 | D:10     | Entered Level 10 of the Dungeon
  7505 | D:10     | Noticed VoidStrider's ghost (novice TeAE)
  7505 | D:10     | Found a runed translucent door.
  7529 | D:10     | Reached skill level 10 in Fighting
  7713 | D:10     | Noticed Sonja
  7727 | D:10     | Killed Sonja
  7747 | D:10     | Found an ornate altar of the Wu Jian Council.
  8003 | D:10     | Noticed a two-headed ogre
  8015 | D:10     | Killed a two-headed ogre
  8016 | D:10     | Reached skill level 10 in Armour
  8236 | D:10     | Found an opulent altar of Gozag.
  8236 | D:10     | Found a sparkling altar of Nemelex Xobeh.
  8308 | D:10     | Killed VoidStrider's ghost
  8431 | D:11     | Noticed Grum
  8451 | D:11     | Killed Grum
  8470 | D:11     | Noticed a manticore
  8485 | D:11     | Killed a manticore
  8654 | D:11     | Found Qaxzotul's General Store.
  8684 | D:11     | Bought a scroll of enchant armour for 105 gold pieces
  8684 | D:11     | Bought a potion of resistance for 140 gold pieces
  8829 | D:11     | Noticed a two-headed ogre
  8834 | D:11     | Noticed a cyclops
  8839 | D:11     | Noticed a two-headed ogre
  8858 | D:11     | Killed a two-headed ogre
  8859 | D:11     | Reached skill level 10 in Invocations
  8882 | D:11     | Killed a two-headed ogre
  8883 | D:11     | Reached XP level 12. HP: 101/106 MP: 19/19
  9345 | Lair:1   | Entered Level 1 of the Lair of Beasts
  9535 | Lair:1   | Reached **** piety under Makhleb
 10186 | Lair:2   | Reached skill level 10 in Shields
 10326 | Lair:2   | Reached ***** piety under Makhleb
 10327 | Lair:2   | Reached skill level 11 in Fighting
 10470 | Lair:2   | Reached skill level 12 in Fighting
 10470 | Lair:2   | Reached XP level 13. HP: 118/118 MP: 20/20
 10953 | Lair:2   | Reached skill level 13 in Fighting
 11129 | Lair:2   | Found a staircase to the Swamp.
 11438 | Lair:3   | Found a hole to the Spider Nest.
 12327 | Lair:4   | Reached skill level 14 in Fighting
 12735 | Lair:4   | Reached skill level 15 in Fighting
 13095 | Lair:5   | Entered Level 5 of the Lair of Beasts
 13213 | Orc:1    | Entered Level 1 of the Orcish Mines
 13216 | Orc:1    | Noticed Maurice
 13275 | Orc:1    | Reached XP level 14. HP: 135/135 MP: 24/24
 13284 | Orc:1    | Something stole 6 silver javelins
 13299 | Orc:1    | Killed Maurice
 13450 | Orc:2    | Entered Level 2 of the Orcish Mines
 13450 | Orc:2    | Found a staircase to the Elven Halls.
 13527 | Orc:1    | Noticed Urug
 13542 | Orc:1    | Noticed Erica
 13658 | Orc:2    | Killed Urug
 13731 | Orc:1    | Killed Erica
 14011 | Orc:1    | Found a runed translucent door.
 14011 | Orc:1    | Noticed contendunt's ghost (journeyman MiFi)
 14191 | Orc:1    | Killed contendunt's ghost
 14327 | Orc:2    | Reached ****** piety under Makhleb
 14452 | Orc:2    | Reached skill level 15 in Invocations
 14618 | Orc:2    | Found Rium's Weapon Shoppe.
 14618 | Orc:2    | Found Tyonny's Book Shop.
 14619 | Orc:2    | Found Rafeit's General Store.
 14619 | Orc:2    | Found Upimew's Weapon Emporium.
 14631 | Orc:2    | Bought a scroll of identify for 30 gold pieces
 14938 | Orc:2    | Found a roughly hewn altar of Beogh.
 15332 | Lair:4   | Reached XP level 15. HP: 82/143 MP: 26/26
 15563 | Lair:5   | Reached skill level 16 in Fighting
 15685 | Lair:5   | Noticed Snorg
 15699 | Lair:5   | Killed Snorg
 15798 | Lair:5   | Reached skill level 17 in Fighting
 16244 | Lair:5   | Reached skill level 18 in Fighting
 16398 | Lair:5   | Found a viscous altar of Jiyva.
 16398 | Lair:5   | Found a staircase to the Slime Pits.
 16879 | D:12     | Found Ingan's General Store.
 16897 | D:12     | Bought a scroll of blinking for 82 gold pieces
 17265 | D:13     | Noticed Jorgrun
 17280 | D:13     | Killed Jorgrun
 17462 | D:13     | Noticed Rupert
 17476 | D:13     | Killed Rupert
 17708 | D:13     | Found a gate to the Vaults.
 17765 | D:13     | Identified the +6 scale mail "Roceg" {Rampage rF- Int+4}
 17923 | D:13     | Reached XP level 16. HP: 157/157 MP: 27/27
 18038 | D:12     | Bought the ring "Kasyru" {rPois Will+ Int+3 Dex-3} for 398
                  | gold pieces
 18366 | D:14     | HP: 5/157 [meliai/divine providence (13)]
 18377 | D:14     | Reached skill level 15 in Armour
 19929 | D:15     | Entered Level 15 of the Dungeon
 20766 | D:15     | Found a staircase to the Depths.
 20779 | D:15     | Reached skill level 19 in Fighting
 21237 | Swamp:1  | Entered Level 1 of the Swamp
 22457 | Swamp:2  | Identified the +2 dagger of Gogs's Certain Death {protect,
                  | +Blink Dex+7 Stlth+}
 22463 | Swamp:2  | Reached skill level 20 in Fighting
 22756 | Swamp:2  | Noticed Mlioglotl
 22989 | Spider:1 | Entered Level 1 of the Spider Nest
 23165 | Spider:1 | HP: 4/152 [disintegration (72)]
 24537 | Spider:2 | Reached XP level 17. HP: 122/171 MP: 28/28
 26887 | Spider:3 | Lost dexterity.
 26890 | Spider:3 | Mangled by a ghost moth

Illustrated notes

Levels and vault maps discovered:
D:1:      scummos_arrival_star, layout_basic
D:2:      layout_basic, ebering_ecumenical_altar_abandoned
D:3:      layout_basic, hangedman_ru_absence
D:4:      layout_cave_pools, mainiacjoe_overflow_catwalk,
          lemuel_mausoleum_altar_kikubaaqudgha, nicolae_ossuary_entry_catacombs,
          serial_shops, shop, nicolae_shop_advertising_works
          [nicolae_subvault_shop_adworks], nicolae_shop_bloodbath_and_beyond,
          shop_coins
D:5:      layout_loops_cross, kennysheep_nondescript
D:6:      layout_rooms, amcnicky_altar_gilded, minmay_temple_entry_large_hall,
          uniq_menkaure
D:7:      layout_rooms, grunt_qazlal_clouds, serial_shops, kennysheep_mini_moat,
          serial_glass, glass_columns_a, glass_columns_a
D:8:      nicolae_BIG_FREAKIN_CUBE, layout_basic, lemuel_tele_altar,
          david_lair_shrubbed, hangedman_decor_push, kennysheep_generic_room_8,
          uniq_pikel
D:9:      layout_basic, kennysheep_slug_shrine, orc_david_3, special_room
          [special_room_orc]
D:10:     layout_loops_cross, grunt_temple_overflow_opulence, kennysheep_mini,
          hellmonk_ghost_big_iron, dk_noncrumbling_4, uniq_sonja
D:11:     layout_roguey, serial_shops, shop, chequers_serial_rivers_marsh,
          minmay_increasing_density, uniq_grum
D:12:     layout_roguey, serial_shops, nicolae_shop_crystal, minmay_lizard_king
D:13:     layout_rooms, david_vaults_5, uniq_rupert, uniq_jorgrun
D:14:     layout_stronghold, nicolae_twisty_statue_hallways
D:15:     hangedman_depths_entry_civil_slaughter, layout_irregular_city,
          dreamdust_mushroom_princess
Temple:   hellmonk_temple_flake
Lair:1:   layout_regular_city, grunt_megastairs_1
Lair:2:   layout_roguey [special_room_bee], nicolae_swamp_entry_splash_gauntlet,
          nicolae_volcano_entry_batcave
Lair:3:   layout_loops_ring, nicolae_spider_entry_orb_guardian,
          wad_woods_road_01, chequers_serial_rivers_large_a,
          minmay_stone_trees_medium
Lair:4:   layout_gridlike
Lair:5:   minmay_lair_end_frog_pond, layout_misc_corridors,
          dpeg_slime_entry_enclosed, uniq_snorg
Swamp:1:  layout_basic_swamp, nicolae_swamp_ascending_descending_big
Swamp:2:  layout_falls_marsh, hangedman_swamp_ruin_wall,
          infiniplex_staircase_pool_2, uniq_mlioglotl, uniq_frances
Spider:1: layout_cave_pods, guppyfry_spider_mini_2
Spider:2: layout_spider_delve, nicolae_spider_nooks_and_crannies
Spider:3: layout_spider_delve
Orc:1:    layout_caves, ebering_ghost_reflecting_pool, serial_shops, uniq_urug,
          uniq_erica, uniq_maurice
Orc:2:    st_orc_ogre_mass, layout_diamond_mine, basic_altar, roderic_batcave,
          regret_index_minedec_shroomtown_chain

Skill      XL: |  1  2  3  4  5  6  7  8  9 10 11 12 13 14 15 16 17 |
---------------+----------------------------------------------------+-----
Axes           | 3 4 6 9 11 14 16 18 | 18.0
Fighting       | 4 5 6 8 10 12 15 18 20 | 20.5
Armour         | 4 5 8 10 12 14 15 | 15.2
Shields        | 4 5 10 12 | 12.0
Invocations    | 5 10 13 15 18 | 18.0
Dodging        | 2 3 |  3.0

Action                     |  1- 3 |  4- 6 |  7- 9 | 10-12 | 13-15 | 16-18 || total
---------------------------+-------+-------+-------+-------+-------+-------++-------
  Melee: War axe           |    91 |   120 |   352 |   667 |   551 |       ||  1781
         Flail             |       |       |       |       |     3 |       ||     3
         Broad axe         |       |       |       |       |   523 |   770 ||  1293
         Morningstar       |       |       |       |       |    45 |    25 ||    70
   Fire: Sling             |     1 |       |       |       |       |       ||     1
  Throw: Throwing net      |     1 |       |       |       |       |       ||     1
 Invoke: Minor Destruction |       |       |       |    13 |   128 |    64 ||   205
         Lesser Servant of |       |       |       |     2 |     4 |     2 ||     8
         Major Destruction |       |       |       |       |     4 |     2 ||     6
         Greater Servant o |       |       |       |       |       |     1 ||     1
  Evoke: Wand              |       |       |       |       |     1 |       ||     1
    Use: Scroll            |     2 |     3 |     8 |     5 |    11 |     7 ||    36
         Potion            |       |       |       |     1 |     4 |     9 ||    14
 Armour: Scale mail        |    71 |       |       |       |       |       ||    71
         Chain mail        |       |    54 |   169 |       |       |       ||   223
         Ring mail         |       |       |     4 |   392 |   857 |       ||  1253
         Plate armour      |       |       |       |       |    40 |   975 ||  1015
  Dodge: Dodged            |    40 |    30 |    96 |   242 |   478 |   223 ||  1109
  Block: Buckler           |    19 |    46 |   157 |   343 |   542 |    92 ||  1199
         Reflection        |       |       |     5 |    12 |     8 |     9 ||    34
         Kite shield       |       |       |       |       |       |   578 ||   578
